 Dungeon Crawl Stone Soup version 0.30-a0-956-gcec3b41aec (webtiles) character file.

Game seed: 3925257355899312476

896 Zonian the Ruffian (level 8, -1/44 HPs)
             Began as a Vine Stalker Gladiator on Mar 30, 2023.
             Was an Initiate of Ashenzari.
             Slain by an ogre
             ... wielding a +0 giant spiked club
              (25 damage)
             ... on level 5 of the Dungeon.
             The game lasted 00:07:30 (4340 turns).

Zonian the Ruffian (Vine Stalker Gladiator)         Turns: 4340, Time: 00:07:31

Health: -1/44      AC: 10    Str: 18    XL:     8   Next: 7%
Magic:  0/9        EV: 11    Int:  8    God:    Ashenzari [......]
Gold:   334        SH:  0    Dex: 17    Spells: 7/7 levels left

rFire   . . .      SeeInvis .      - Unarmed
rCold   + . .      Faith    .    (no shield)
rNeg    . . .      Spirit   +    w - +0 ring mail
rPois   .          Reflect  .    E - +0 helmet
rElec   .          Rampage  .    (no cloak)
rCorr   .                        (no gloves)
Will    +....                    (no boots)
Stlth   +                        (no amulet)
HPRegen 1.07/turn                j - ring "Lashed Prison" {AC+4, Comp, Bglg} (curse)
MPRegen 0.11/turn                v - ring of protection from cold

@: no status effects
A: fangs 3, regeneration 1, magic shield, antimagic bite, no potion heal 2
a: Renounce Religion, Shatter the Chains


You were on level 5 of the Dungeon.
You worshipped Ashenzari.
Ashenzari was noncommittal.
You visited 2 branches of the dungeon, and saw 6 of its levels.
You also visited: Sewer.

You collected 334 gold pieces.

Inventory:

Missiles
 c - 3 throwing nets (quivered)
 d - a javelin
Armour
 a - a +0 leather armour
 b - a +0 helmet
 w - a +0 ring mail (worn)
 E - a +0 helmet (worn)
Jewellery
 j - the cursed ring "Lashed Prison" (left hand) {AC+4, Comp, Bglg}
   (You found it on level 1 of the Dungeon)

   [ring of protection]

   AC:        It affects your AC (+4).
   It has a curse which improves the following skills: Companions: Summonings
   and Necromancy.
   Beguiling: Conjurations, Hexes and Translocations.
 v - a ring of protection from cold (right hand)
 x - an amulet of faith
Wands
 t - a wand of flame (6)
 A - a wand of iceblast (6)
Scrolls
 e - 3 scrolls of fear
 k - a scroll of poison {unknown}
 n - a scroll of vulnerability {unknown}
 o - 2 scrolls of teleportation {unknown}
 q - a scroll of amnesia {unknown}
 r - a scroll of immolation {unknown}
 y - a scroll of torment {unknown}
 B - a scroll of brand weapon {unknown}
 C - 4 scrolls of magic mapping {unknown}
 D - a scroll of acquirement {unknown}
 F - a scroll of fog {unknown}
Potions
 f - 2 potions of lignification {unknown}
 g - 3 potions of cancellation
 h - 3 potions of heal wounds
 i - 4 potions of attraction
 l - 2 potions of magic {unknown}
 m - 2 potions of brilliance
 p - 2 potions of flight
 s - 2 potions of haste
 u - a potion of mutation
 z - a potion of ambrosia {unknown}


   Skills:
 + Level 5.8 Fighting
 - Level 2.1 Throwing
 - Level 2.6 Dodging
 + Level 6.8 Unarmed Combat


You had 7 spell levels left.
You didn't know any spells.
Your spell library was empty.

Dungeon Overview and Level Annotations

Branches:
Dungeon (5/15)             Temple (1/1) D:5           Sewer (visited)

Altars:
Ashenzari
Cheibriados
Dithmenos
Elyvilon
Fedhas
Gozag
Hepliaklqana
Kikubaaqudgha
Makhleb
Okawaru
Qazlal
Sif Muna
Trog
Uskayaw
Vehumet
Wu Jian
Xom
Yredelemnul
Zin
The Shining One

Shops:
D:5 :


Innate Abilities, Weirdness & Mutations

You have razor-sharp teeth.
Your natural rate of healing is unusually fast.
When hurt, damage is shared between your health and your magic reserves.
Your bite disrupts and absorbs the magic of your enemies.
Potions cannot restore your health.


Message History

You now have 306 gold pieces (gained 15).
You now have 313 gold pieces (gained 7).
You open the door.
Found a burning altar of Makhleb.
Found a hazy altar of Hepliaklqana.
Unknown command.
No target in view!
No target in view!
There is an open door here.
Found a black potion.
You now have 328 gold pieces (gained 15).
There are no items here.
Found a stone staircase leading up.
f - 2 black potions (gained 1)
You now have 334 gold pieces (gained 6).
Ashenzari invites you to partake of a vision and a curse of companions and beguiling.
You open the door.
There is an open door here.
Unknown command.
Your +4 ring of protection glows black for a moment.
Unknown command.
An ogre comes into view. It is wielding a +0 giant spiked club.
An ogre is nearby!
Unknown command.
The ogre hits you with a +0 giant spiked club!!
Ouch! That really hurt!
You see here a scroll of identify.
You are too injured to fight recklessly!
You are too injured to fight recklessly!
You are too injured to fight recklessly!
You hit the ogre but do no damage. Your bite misses the ogre.
You punch the ogre! You bite the ogre! You drain its power.
You feel invigorated.
The ogre is heavily wounded.
The ogre completely misses you.
You hit the ogre.
The ogre is severely wounded.
The ogre hits you with a +0 giant spiked club!!
Ouch! That really hurt!
You die...

# #........
###........#.
.............. .#
###........... .#
............... .#
...............###.#####
.[......... ............
...#####.#####.#O.......
...# .##.....@........
...# ##..............
...# #..............
..## #.............. #.#
.# #.............. ..#
#.# #.............. ..#
##..# #?.............
..##... ####.##........
..##.#########.
#........


You could see an ogre.

Vanquished Creatures
  Grinder (Sewer)
  Eustachio (D:4)
  The ghost of Palms the Insei, an amateur DsTm (D:3)
  2 kobold brigands (Sewer)
  A necrophage (Sewer)
  A hound (D:4)
  An iguana (D:5)
  An orc wizard (D:4)
  3 gnolls
  3 adders
  2 shadow imps (Sewer)
  7 ufetubi (Sewer)
  2 adder zombies (Sewer)
  A worm (D:2)
  8 orcs
  3 bats
  11 endoplasms
  5 giant cockroaches
  6 goblins
  5 hobgoblins
  3 jackals (D:1)
  2 quokkas
  A ball python (D:4)
  3 frilled lizards
  2 giant cockroach zombies (Sewer)
  19 kobolds
  A kobold zombie (Sewer)
  4 rats
100 creatures vanquished.

Notes
Turn   | Place    | Note
-------+----------+-------------------------------------------
     0 | D:1      | Zonian the Vine Stalker Gladiator began the quest for the
                  | Orb.
     0 | D:1      | Reached XP level 1. HP: 11/11 MP: 2/2
   211 | D:1      | Reached XP level 2. HP: 14/15 MP: 3/3
   914 | D:2      | Reached XP level 3. HP: 18/18 MP: 4/4
  1698 | D:3      | Gained mutation: Your natural rate of healing is unusually
                  | fast. [Vine Stalker growth]
  1698 | D:3      | Reached XP level 4. HP: 21/23 MP: 5/5
  1932 | D:3      | Found a glowing drain.
  1958 | Sewer    | Entered a sewer
  1991 | Sewer    | Reached skill level 4 in Unarmed Combat
  2122 | Sewer    | Reached XP level 5. HP: 28/28 MP: 6/6
  2131 | Sewer    | Noticed a kobold brigand
  2150 | Sewer    | Killed a kobold brigand
  2175 | Sewer    | Found an ancient bone altar of Kikubaaqudgha.
  2181 | Sewer    | Noticed a kobold brigand
  2210 | Sewer    | Killed a kobold brigand
  2211 | Sewer    | Reached skill level 5 in Unarmed Combat
  2211 | Sewer    | Reached XP level 6. HP: 33/33 MP: 7/7
  2221 | Sewer    | Noticed Grinder
  2231 | Sewer    | Paralysed by Grinder for 5 turns
  2244 | Sewer    | Paralysed by Grinder for 2 turns
  2251 | Sewer    | Killed Grinder
  2252 | Sewer    | Reached XP level 7. HP: 18/38 MP: 4/8
  2775 | D:3      | Found a runed translucent door.
  2775 | D:3      | Noticed Palms's ghost (amateur DsTm)
  2802 | D:3      | Killed Palms's ghost
  2803 | D:3      | Reached skill level 5 in Fighting
  2803 | D:3      | Reached skill level 6 in Unarmed Combat
  3243 | D:4      | Identified the +1 leather armour "Vopiuthe" {rCorr MP+9}
  3318 | D:4      | Noticed Eustachio
  3336 | D:4      | Killed Eustachio
  3875 | D:5      | Entered Level 5 of the Dungeon
  3884 | D:4      | Gained mutation: You have razor-sharp teeth. [Vine Stalker
                  | growth]
  3884 | D:4      | Reached XP level 8. HP: 41/44 MP: 6/9
  3926 | D:5      | Found a staircase to the Ecumenical Temple.
  3938 | Temple   | Entered the Ecumenical Temple
  3994 | Temple   | Became a worshipper of Ashenzari the Shackled
  4193 | D:5      | Found Reuviedd's Book Emporium.
  4253 | D:5      | Found a burning altar of Makhleb.
  4254 | D:5      | Found a hazy altar of Hepliaklqana.
  4340 | D:5      | Slain by an ogre

Illustrated notes

Levels and vault maps discovered:
D:1:      wheals_arrival_shading, layout_loops_ring, serial_bayou,
          serial_bayou_ford_a, serial_bayou_shore_b, serial_bayou_lagoon_b,
          serial_bayou_pond_e, serial_bayou_lake_a, serial_bayou_crossing,
          hangedman_decor_points, kennysheep_nondescript
D:2:      layout_basic, roderic_lattice_a
D:3:      layout_basic, portal_sewer_entry_d, gammafunk_ghost_grave,
          moated_statue
D:4:      layout_loops_cross, chequers_serial_rivers_room_a, uniq_eustachio
D:5:      layout_basic, chequers_temple_overflow_statue_of_worship,
          minmay_temple_entry_drinking_statues, serial_shops, shop
Temple:   nicolae_temple_bog_church

Skill      XL: |  1  2  3  4  5  6  7 |
---------------+----------------------+-----
Fighting       | 2 3 4 5 |  5.8
Throwing       | 2 |  2.1
Unarmed Combat | 4 5 6 |  6.8
Dodging        | |  2.6

Action                     |  1- 3 |  4- 6 |  7- 9 || total
---------------------------+-------+-------+-------++-------
  Melee: Unarmed           |   110 |   144 |    97 ||   351
         Punch             |     4 |     6 |     3 ||    13
         Bite              |    25 |    35 |    30 ||    90
  Throw: Throwing net      |       |     2 |       ||     2
         Dart              |       |     2 |       ||     2
 Invoke: Curse Item        |       |       |     1 ||     1
    Use: Scroll            |       |       |     8 ||     8
 Armour: Leather armour    |    45 |    77 |     8 ||   130
         Ring mail         |       |       |    25 ||    25
  Dodge: Dodged            |    79 |   121 |    54 ||   254

Table legend: (Time is in decaauts)
 A = Elapsed time spent in this place.
 B = Non-inter-level travel time spent in this place.
 C = Inter-level travel time spent in this place.
 D = Time resting spent in this place.
 E = Time spent auto-exploring this place.
 F = Levels seen in this place.
 G = Mean time per level.
                   A        B        C        D        E       F      G
               +--------+--------+--------+--------+--------+-----+--------+
         Total |   4401 |   4227 |    174 |     35 |   3250 |   7 |  628.7 |
       Dungeon |   3866 |   3714 |    152 |     24 |   3059 |   5 |  773.2 |
        Temple |     83 |     61 |     22 |      0 |     39 |   1 |   83.0 |
         Sewer |    451 |    451 |      0 |     11 |    151 |   1 |  451.0 |
               +--------+--------+--------+--------+--------+-----+--------+

Top non-repeatable levels by time:
     D:3: 1132 daAuts
     D:1: 948 daAuts
     D:4: 726 daAuts
     D:2: 704 daAuts
   Sewer: 451 daAuts
     D:5: 355 daAuts
  Temple: 83 daAuts
